 Dungeon Crawl Stone Soup version 0.26-a0-612-gd4d190f45e (webtiles) character file.

Game seed: 17867201779555722656

82 Gottschkopf the Conjurer (level 4, -1/33 HPs)
             Began as a Draconian Conjurer on Sept 8, 2020.
             Killed by divine providence
             ... invoked by an orc priest
              (10 damage)
             ... on level 3 of the Dungeon.
             The game lasted 00:05:57 (3045 turns).

Gottschkopf the Conjurer (Draconian Conjurer)       Turns: 3045, Time: 00:05:57

Health: -1/33      AC:  5    Str:  9    XL:     4   Next: 21%
Magic:  5/7        EV: 12    Int: 20    God:
Gold:   105        SH:  0    Dex:  9    Spells: 4/7 levels left

rFire    . . .     SeeInvis .   i - +0 dagger
rCold    . . .     Faith    .   (no shield)
rNeg     . . .     Spirit   .   (armour unavailable)
rPois    .         Reflect  .   (helmet restricted)
rElec    .         Harm     .   (no cloak)
rCorr    .                      (no gloves)
MR       .....                  (no boots)
Stlth    ++........             (no amulet)
HPRegen  0.11/turn              (no ring)
MPRegen  0.10/turn              (no ring)

@: no status effects
A: unfitting armour, cold-blooded, AC +5
a: no special abilities


You were on level 3 of the Dungeon.
You visited 1 branch of the dungeon, and saw 3 of its levels.

You collected 105 gold pieces.

Inventory:

Hand Weapons
 i - a +0 dagger (weapon)
Armour
 h - a +0 buckler
Scrolls
 b - 5 scrolls of identify {unknown}
 c - a scroll of enchant weapon {unknown}
 e - a scroll of remove curse {unknown}
 k - a scroll of teleportation {unknown}
 l - a scroll of enchant armour {unknown}
Potions
 a - a potion of cancellation {unknown}
 d - a potion of lignification {unknown}
 f - a potion of invisibility {unknown}
 g - 2 potions of curing
 j - 3 potions of haste {unknown}
 m - 2 potions of mutation {unknown}


   Skills:
 - Level 1.7 Dodging
 - Level 1.7 Stealth
 + Level 1.0 Shields
 + Level 2.2 Spellcasting
 * Level 5.4 Conjurations


You had 4 spell levels left.
You knew the following spells:

 Your Spells              Type           Power        Failure   Level
a - Magic Dart            Conj           ###.         1%          1
b - Searing Ray           Conj           ###...       2%          2

Your spell library contained the following spells:

 Spells                   Type           Power        Failure   Level
 Dazzling Flash           Conj/Hex       ##....       16%         3
 Fulminant Prism          Conj/Hex       ##........   45%         4
 Iskenderun's Mystic Bla  Conj/Tloc      ##......     45%         4


Dungeon Overview and Level Annotations

Branches:
Dungeon (3/15)

Altars:

Annotations:
D:3 Terence


Innate Abilities, Weirdness & Mutations

Your plain brown scales are hard. (AC +5)
You cannot fit into any form of body armour.
You are cold-blooded and may be slowed by cold attacks.


Message History

Press: ? - help, Shift-Dir - straight line, f/p - Terence
Aim: Terence, wielding a +0 short sword and wearing a +2 chain mail of poison resistance (heavily wounded)
The magic dart hits Terence.
Terence is heavily wounded.
Terence barely misses you.
There is a stone staircase leading down here.
Found 13 arrows. 2 orcs and an orc priest come into view.
The orc priest shouts!
The orc shouts!
You hear a shout!
The orc moves out of view.
You hear a shout!
The orc priest invokes the aid of Beogh against you.
Beogh smites you!
You hear an angry hiss.
The orc priest calls down the wrath of Beogh upon you.
Beogh smites you!
* * * LOW HITPOINT WARNING * * *
The orc priest mumbles some strange prayers to Beogh against you.
Beogh smites you!
You die...

. #.# #. #.# #.#############.#
##.(.............##############
......................>.......#
.................###########.##
##.###.#########...<# #.#
##.###.################ #.#
.........oo...@.@.....# #.#
...###.##############.# #.# #
#.# .........######.# #.#
########........# #.#
#.######## #.# #.# #.# #.# #.
..# ###


You could see Terence, an orc priest and an orc.

Vanquished Creatures
  A howler monkey skeleton (D:2)
  2 adders (D:2)
  A leopard gecko (D:1)
  2 ball pythons (D:1)
  3 giant cockroaches (D:2)
  4 goblins
  8 hobgoblins
  A quokka (D:2)
  4 bats
  4 frilled lizards
  7 kobolds
  8 rats
45 creatures vanquished.

Vanquished Creatures (others)
  An adder (D:2)
1 creature vanquished.

Grand Total: 46 creatures vanquished

Notes
Turn   | Place    | Note
-------+----------+-------------------------------------------
     0 | D:1      | Gottschkopf the Draconian Conjurer began the quest for the
                  | Orb.
     0 | D:1      | Reached XP level 1. HP: 14/14 MP: 3/3
   656 | D:1      | Reached XP level 2. HP: 20/20 MP: 1/5
  1238 | D:1      | Learned a level 2 spell: Searing Ray
  1444 | D:2      | Reached skill level 5 in Conjurations
  1459 | D:2      | Reached XP level 3. HP: 26/26 MP: 2/6
  2472 | D:2      | Reached XP level 4. HP: 33/33 MP: 4/7
  2763 | D:2      | Reached skill level 1 in Shields
  2991 | D:3      | Noticed Terence
  3045 | D:3      | Killed from afar by an orc priest

Illustrated notes

Levels and vault maps discovered:
D:1:      nzn_arrival_water_spiral, layout_basic
D:2:      layout_basic, serial_glass, glass_columns_a, glass_columns_a,
          glass_columns_a, glass_columns_a, glass_columns_a, glass_columns_a,
          minmay_heptomino_w4
D:3:      layout_basic, uniq_robin, uniq_sigmund, uniq_ijyb, uniq_terence

Skill      XL: |  1  2  3  4 |
---------------+-------------+-----
Conjurations   | 5 |  5.4
Shields        | 1 |  1.0
Dodging        | |  1.7
Stealth        | |  1.7
Spellcasting   | |  2.2

Action                   |  1- 3 |  4- 6 || total
-------------------------+-------+-------++-------
Melee: Unarmed           |    19 |       ||    19
       Dagger            |    27 |       ||    27
       Tailslap          |     2 |       ||     2
 Cast: Magic Dart        |    71 |    17 ||    88
       Searing Ray       |     1 |     1 ||     2
  Use: Potion            |     2 |       ||     2
Armor: Skin              |    11 |     1 ||    12
Dodge: Dodged            |    44 |     1 ||    45

Table legend: (Time is in decaauts)
 A = Elapsed time spent in this place.
 B = Non-inter-level travel time spent in this place.
 C = Inter-level travel time spent in this place.
 D = Time resting spent in this place.
 E = Time spent auto-exploring this place.
 F = Levels seen in this place.
 G = Mean time per level.
                   A        B        C        D        E       F      G
               +--------+--------+--------+--------+--------+-----+--------+
         Total |   3043 |   2911 |    132 |    349 |   2192 |   3 | 1014.3 |
       Dungeon |   3043 |   2911 |    132 |    349 |   2192 |   3 | 1014.3 |
               +--------+--------+--------+--------+--------+-----+--------+

Top non-repeatable levels by time:
     D:2: 1683 daAuts
     D:1: 1276 daAuts
     D:3: 83 daAuts
